 Dungeon Crawl Stone Soup version 0.24.0-37-gcf1ca852f1 (webtiles) character file.

Game seed: 16536960952603988352, levelgen mode: deterministic

10 night the Firebug (level 2, -2/24 HPs)
             Began as a Naga Fire Elementalist on Nov 23, 2019.
             Slain by a jackal (3 damage)
             ... on level 1 of the Dungeon.
             The game lasted 00:01:11 (244 turns).

night the Firebug (Naga Fire Elementalist)           Turns: 244, Time: 00:01:12

Health: -2/24      AC:  1    Str: 10    XL:     2   Next: 20%
Magic:  0/5        EV: 10    Int: 15    God:
Gold:   18         SH:  0    Dex: 11    Spells: 4/5 levels left

rFire    + . .     SeeInvis +   (no weapon)
rCold    . . .     Gourm    .   (no shield)
rNeg     . . .     Faith    .   a - +0 robe
rPois    +         Spirit   .   (no helmet)
rElec    .         Reflect  .   (no cloak)
rCorr    .         Harm     .   (no gloves)
MR       .....                  (no barding)
Stlth    ++........             (no amulet)
HPRegen  0.08/turn              d - ring of protection from fire
MPRegen  0.09/turn              (no ring)

@: very slow
A: large, see invisible, deformed body, poison resistance, slowness 2, slow
metabolism 1, spit poison 1, AC +0
a: Spit Poison


You were on level 1 of the Dungeon.
You were not hungry.

You visited 1 branch of the dungeon, and saw 1 of its levels.

You collected 18 gold pieces.

Inventory:

Missiles
 g - a poisoned dart (quivered)
Armour
 a - a +0 robe (worn)
Jewellery
 d - a ring of protection from fire (left hand)
Scrolls
 e - a scroll of fear {unknown}
 i - a scroll of remove curse {unknown}
Potions
 b - a potion of flight {unknown}
 f - a potion of curing {unknown}
Comestibles
 c - a ration
 h - 2 chunks of flesh


   Skills:
 + Level 0.7 Fighting
 - Level 1.5 Dodging
 - Level 3.0 Stealth
 + Level 2.2 Spellcasting
 + Level 1.3 Conjurations
 + Level 3.1 Fire Magic


You had 4 spell levels left.
You knew the following spells:

 Your Spells              Type           Power        Failure   Level  Hunger
a - Flame Tongue          Conj/Fire      #....        9%          1    #......

Your spell library contained the following spells:

 Spells                   Type           Power        Failure   Level  Hunger
 Throw Flame              Conj/Fire      #.....       13%         2    ###....
 Conjure Flame            Conj/Fire      #.......     26%         3    ###....
 Inner Flame              Hex/Fire       #.......     34%         3    ###....
 Sticky Flame             Conj/Fire      #.......     65%         4    #####..
 Fireball                 Conj/Fire      #.........   94%         5    ######.


Dungeon Overview and Level Annotations

Branches:
Dungeon (1/15)

Altars:


Innate Abilities, Weirdness & Mutations

You cannot wear boots.
Your serpentine skin is tough. (AC +0)
You have supernaturally acute eyesight. (SInv)
Armour fits poorly on your strangely shaped body.
Your system is resistant to poisons. (rPois)
You cover ground very slowly.
You have a slow metabolism.
You can spit poison.


Message History

Press: ? - help, Shift-Dir - straight line, f/p - jackal
Aim: a jackal The flame tongue hits the jackal.
You kill the jackal!
You barely miss the jackal. The jackal closely misses you.
The jackal bites you.
* * * LOW HITPOINT WARNING * * *
Throwing (i - inventory)
g - 3 poisoned darts (quivered)
Press: ? - help, Shift-Dir - straight line, f/p - jackal
Aim: a jackal You throw a poisoned dart.
The poisoned dart barely misses the jackal.
The poisoned dart hits the goblin.
The goblin is poisoned.
The jackal closely misses you.
Throwing (i - inventory)
g - 2 poisoned darts (quivered)
Press: ? - help, Shift-Dir - straight line, f/p - jackal
Aim: a jackal You throw a poisoned dart.
The poisoned dart hits the jackal.
The jackal is poisoned.
The jackal bites you.
You die...

#####.#.........#..
##.....#..(.........
##..###......#####.##
##..####...####.......
#..##.....##...####+##
###.#...#..## #≈≈≈≈≈≈
####.....###.##
#≈≈...≈ .
#.......####.# #......
....###..###.ggh@..#
######'## #........#
#.#####.# #........
#.......## #.# ..#
+.....<.. ..#....##
#.# ..# #........
#.... #.# ..#
######'## #.... #.#
#...... #..... ...
#≈≈...≈ ....... ##.
#≈≈≈≈≈≈ ....... .
#######


You could see a jackal and 2 goblins.

Vanquished Creatures
  A ball python (D:1)
  2 goblins (D:1)
  2 jackals (D:1)
  A bat (D:1)
  2 frilled lizards (D:1)
  A kobold (D:1)
  A rat (D:1)
10 creatures vanquished.

Notes
Turn   | Place    | Note
-------+----------+-------------------------------------------
     0 | D:1      | night the Naga Fire Elementalist began the quest for the
                  | Orb.
     0 | D:1      | Reached XP level 1. HP: 15/15 MP: 3/3
   232 | D:1      | Reached XP level 2. HP: 10/24 MP: 0/5
   242 | D:1      | HP: 1/24 [jackal (3)]
   244 | D:1      | Slain by a jackal

Levels and vault maps discovered:
D:1:      dpeg_arrival_yet_another_circle, layout_rooms

Action                   || total
-------------------------++-------
Melee: Unarmed           ||     9
Throw: Dart              ||     6
 Cast: Flame Tongue      ||    12
Armor: Robe              ||     1
Dodge: Dodged            ||    19
